 Dungeon Crawl Stone Soup version 0.17-a0-1647-gb11a595 (webtiles) character file.

153 Gargoyl the Skirmisher (level 5, -3/42 HPs)
             Began as a Demonspawn Abyssal Knight on Aug 12, 2015.
             Was a Believer of Lugonu.
             Killed from afar by Robin (5 damage)
             ... with a wand of flame
             ... on level 4 of the Dungeon.
             The game lasted 00:05:22 (2824 turns).

Gargoyl the Skirmisher (Demonspawn Abyssal Knight)  Turns: 2824, Time: 00:05:22

Health: -3/42      AC:  3    Str: 13    XL:     5   Next: 12%
Magic:  6/7        EV: 16    Int: 14    God:    Lugonu [**....]
Gold:   123        SH:  0    Dex: 12    Spells: 0 memorised, 4 levels left

rFire  . . .     SeeInvis +     c - +2 war axe (flame)
rCold  . . .     Clarity  .     b - +0 leather armour
rNeg   . . .     SustAt   .     (no shield)
rPois  .         Gourm    .     (helmet restricted)
rElec  .         Spirit   .     (no cloak)
rCorr  .         Warding  .     (no gloves)
rMut   .         Stasis   .     (no boots)
MR     .....                    (no amulet)
Stlth  +.........               i - +4 ring of evasion
                                o - ring of see invisible

@: not resistant to hostile enchantments, very unstealthy
A: antennae 1, spiny 1
a: Depart the Abyss, Bend Space, Renounce Religion


You were on level 4 of the Dungeon.
You worshipped Lugonu.
Lugonu was pleased with you.
You were not hungry.

You visited 1 branch of the dungeon, and saw 4 of its levels.
You visited the Abyss 1 time.

You collected 123 gold pieces.

Inventory:

Hand weapons
 c - a +2 war axe of flaming (weapon)
 j - a +3 mace
Armour
 b - a +0 leather armour (worn)
Jewellery
 i - a +4 ring of evasion (right hand)
 o - a ring of see invisible (left hand)
Scrolls
 a - a scroll of recharging {unknown}
 d - a scroll of amnesia {unknown}
 f - a scroll of remove curse {unknown}
 k - a scroll of enchant armour {unknown}
 m - a scroll of teleportation {unknown}
Potions
 e - a potion of brilliance {unknown}
 g - 2 potions of invisibility {unknown}
 h - a potion of heal wounds {unknown}
 n - a potion of curing {unknown}
Comestibles
 l - 3 meat rations


   Skills:
 + Level 4.1 Fighting
 + Level 2.3 Axes
 + Level 2.0 Armour
 + Level 2.3 Dodging
 + Level 0.8 Stealth
 + Level 3.6 Invocations


You had 4 spell levels left.
You didn't know any spells.

Dungeon Overview and Level Annotations

Branches:
Dungeon (4/15)
 Temple: D:4-7

Altars:
Qazlal
Trog

Annotations:
D:4 Robin


Innate Abilities, Weirdness & Mutations

You have a pair of small antennae on your head.
You are partially covered in sharp spines.


Message History

The hobgoblin is moderately wounded.
You hit Robin. You burn Robin.
Robin is severely wounded.
You hit the hobgoblin. You burn the hobgoblin.
You kill the hobgoblin!
Lugonu accepts your kill.
Robin roars a battlecry!
The hobgoblins go into a battle-frenzy!
Robin zaps a wand.
The puff of flame hits you!
Robin zaps a wand.
The puff of flame hits you!
* * * LOW HITPOINT WARNING * * *
The hobgoblin barely misses you.
Use which ability? (? or * to list) Space bends around you!
You blink.
* * * LOW HITPOINT WARNING * * *
You feel slightly more hungry.
Found a bread ration.
Found a bread ration.
Found a stone staircase leading up.
Robin zaps a wand.
The puff of flame hits you!
You die...

....... #... .#
#..#..# .#
##..#..#..#
.........#
###..#.%...# #.
#...........
#...###.#..#.....#
#....%@.#........#
#................###
##<.#####..gg.......
#. #######g....###..
# .................
#.########...)......
#.....<...).>!..###.
#.########)...#.#
##)#...#


You could see Robin and 2 hobgoblins.

Vanquished Creatures
  A hound (D:4)
  3 adders
  3 oozes
  2 worms
  A giant gecko (D:2)
  3 orcs (D:3)
  2 giant cockroaches
  11 hobgoblins
  4 jackals (D:2)
  8 kobolds
  5 quokkas
  5 bats
  5 giant newts
  9 goblins
  13 rats
75 creatures vanquished.

Notes
Turn   | Place    | Note
--------------------------------------------------------------
     0 | Abyss:1  | Gargoyl the Demonspawn Abyssal Knight began the quest for the Orb.
     0 | Abyss:1  | Reached XP level 1. HP: 18/18 MP: 2/2
    48 | Abyss:1  | Noticed a thrashing horror
    49 | D:1      | Escaped the Abyss
   373 | D:1      | Gained mutation: You are partially covered in sharp spines. [demonic ancestry]
   373 | D:1      | Reached XP level 2. HP: 8/24 MP: 3/3
   628 | D:1      | Acquired Lugonu's first power
   668 | D:1      | Reached skill level 1 in Dodging
   976 | D:2      | Gained mutation: You have a pair of small antennae on your head. [demonic ancestry]
   976 | D:2      | Reached XP level 3. HP: 29/29 MP: 5/5
  1443 | D:2      | Reached XP level 4. HP: 37/37 MP: 6/6
  1537 | D:2      | Acquired Lugonu's second power
  1946 | D:3      | Found a stormy altar of Qazlal.
  2129 | D:3      | Reached skill level 4 in Fighting
  2188 | D:3      | Noticed a moth of wrath
  2191 | D:3      | Found a bloodstained altar of Trog.
  2807 | D:4      | Noticed Robin
  2815 | D:4      | Reached XP level 5. HP: 38/42 MP: 7/7
  2820 | D:4      | HP: 2/42 [spatial distortion (1)]
  2824 | D:4      | Killed from afar by Robin

Vault maps used:
D:1:      minmay_arrival_split_and_join
D:2:      hangedman_abyss_or_decor_stabs
D:3:      grunt_qazlal_clouds, tgw_trog
D:4:      kennysheep_mini_moat, grunt_dithmenos_smoke, first_bread, uniq_robin
Abyss:1:  hangedman_stitches_earthworm

Action                   |  1- 3 |  4- 6 || total
-------------------------+-------+-------++-------
Melee: Hand axe          |    56 |    13 ||    69
       War axe           |       |    20 ||    20
Invok: Depart the Abyss  |     1 |       ||     1
       Bend Space        |       |     1 ||     1
 Stab: Sleeping          |       |     1 ||     1
  Eat: Chunk             |     1 |     2 ||     3
       Bread ration      |       |     1 ||     1
